 Dungeon Crawl Stone Soup version 0.23.1 (webtiles) character file.

Game seed: 5388699718415732921

41 Borgoz the Sneak (level 3, -4/26 HPs)
             Began as a Ghoul Enchanter on Mar 5, 2019.
             Slain by a worm (11 damage)
             ... on level 2 of the Dungeon.
             The game lasted 00:02:44 (1570 turns).

Borgoz the Sneak (Ghoul Enchanter)                  Turns: 1570, Time: 00:02:45

Health: -4/26      AC:  4    Str: 11    XL:     3   Next: 52%
Magic:  1/4        EV: 12    Int: 11    God:
Gold:   76         SH:  0    Dex:  9    Spells: 2/5 levels left

rFire    . . .     SeeInvis .   g - +0 short sword
rCold    + . .     Gourm    .   (no shield)
rNeg     + + +     Faith    .   b - +0 robe
rPois    ∞         Spirit   .   h - +0 helmet
rElec    .         Reflect  .   (no cloak)
rCorr    .         Harm     .   f - +0 pair of gloves
MR       .....                  (no boots)
Stlth    ++........             (no amulet)
HPRegen  0.00/turn              (no ring)
MPRegen  0.09/turn              (no ring)

@: very slightly contaminated, rotting
A: rotting body, claws 1, carnivore, cold resistance 1, negative energy
resistance 3, inhibited regeneration, torment resistance, unbreathing
a: no special abilities


You were on level 2 of the Dungeon.
You were not hungry.

You visited 1 branch of the dungeon, and saw 2 of its levels.

You collected 76 gold pieces.

Inventory:

Hand Weapons
 g - a +0 short sword (weapon)
Armour
 b - a +0 robe (worn)
 f - a +0 pair of gloves (worn)
 h - a +0 helmet (worn)
Scrolls
 a - a scroll of identify {unknown}
 e - 3 scrolls of remove curse {unknown}
 i - 2 scrolls of teleportation {unknown}
 m - a scroll of amnesia {unknown}
Potions
 c - 2 potions of agility {unknown}
 j - a potion of invisibility {unknown}
 k - a potion of heal wounds {unknown}
Comestibles
 d - 8 rations
 l - a chunk of flesh


   Skills:
 * Level 2.2 Short Blades
 + Level 2.2 Dodging
 + Level 3.8 Stealth
 - Level 1.7 Spellcasting
 - Level 2.4 Hexes


You had 2 spell levels left.
You knew the following spells:

 Your Spells              Type           Power        Failure   Level  Hunger
a - Corona                Hex            #......      11%         1    ##.....
b - Ensorcelled Hibernat  Hex/Ice        #.....       28%         2    ###....

Your spell library contained the following spells:

 Spells                   Type           Power        Failure   Level  Hunger
 Confuse                  Hex            #.......     32%         3    ####...
 Tukima's Dance           Hex            #.......     32%         3    ####...
 Dazzling Spray           Conj/Hex       #.....       50%         3    ####...


Dungeon Overview and Level Annotations

Branches:
Dungeon (2/15)

Altars:


Innate Abilities, Weirdness & Mutations

Your body is rotting away.
You thrive on raw meat.
You are immune to poison.
You have sharp fingernails.
You are carnivorous and can eat meat at any time.
Your flesh is cold resistant. (rC+)
You are immune to negative energy. (rN+++)
You do not regenerate when monsters are visible.
You are immune to unholy pain and torment.
You can survive without breathing.


Message History

The worm is severely wounded.
The worm bites you.
You hit the worm but do no damage.
The worm is severely wounded.
The worm barely misses you.
You hit the worm but do no damage.
The worm is heavily wounded.
You hit the worm.
The worm is almost dead.
The worm bites you.
* * * LOW HITPOINT WARNING * * *
Eat one of 2 chunks of flesh? (ye/n/q)
You eat one of the 2 chunks of flesh.
This raw flesh tastes great!
You hit the worm.
The worm is almost dead.
The worm barely misses you.
You completely miss the worm.
The worm is almost dead.
The worm bites you!
You die...

#.# ##.......
#.# #....... #.#
#...(.#. #.#
##.#..#. #.###
#.#..#. #...#
#.#..#. ###.#
#.#..#. #.#
..#..#. #@#
###..# #w# ...#
####(###.####..
....
...!...........#
###......####.##
#........
#.####.(... ..
####.<.. ## ...#


You could see a worm.

Vanquished Creatures
  An adder (D:2)
  A dart slug (D:1)
  A leopard gecko (D:1)
  2 giant cockroaches
  2 goblins
  2 hobgoblins (D:1)
  7 kobolds
  A quokka (D:2)
  A ball python (D:2)
  4 bats
  3 frilled lizards (D:1)
  7 rats
32 creatures vanquished.

Notes
Turn   | Place    | Note
-------+----------+-------------------------------------------
     0 | D:1      | Borgoz the Ghoul Enchanter began the quest for the Orb.
     0 | D:1      | Reached XP level 1. HP: 14/14 MP: 2/2
   115 | D:1      | Reached skill level 1 in Short Blades
   364 | D:1      | Reached XP level 2. HP: 20/20 MP: 3/3
  1222 | D:2      | Learned a level 2 spell: Ensorcelled Hibernation
  1265 | D:2      | Reached XP level 3. HP: 25/26 MP: 4/4
  1570 | D:2      | Slain by a worm

Skill      XL: |  1  2  3 |
---------------+----------+-----
Short Blades   | 1 2 |  2.2
Dodging        | 2 |  2.2
Stealth        | |  3.8
Spellcasting   | |  1.7
Hexes          | |  2.4

Action                   || total
-------------------------++-------
Melee: Dagger            ||    31
       Short sword       ||    94
 Cast: Ensorcelled Hiber ||     2
 Stab: Sleeping          ||     9
  Eat: Chunk             ||     6
Armor: Robe              ||    22
Dodge: Dodged            ||    72
